 Dungeon Crawl Stone Soup version 0.23-a0-321-g6bcb69f (webtiles) character file.

309 Garbasso the Ducker (level 6, -2/28 HPs)
             Began as a Spriggan Conjurer on Oct 15, 2018.
             Killed by divine providence
             ... invoked by an orc priest
              (14 damage)
             ... on level 3 of the Dungeon.
             The game lasted 00:20:12 (4600 turns).

Garbasso the Ducker (Spriggan Conjurer)             Turns: 4600, Time: 00:20:13

Health: -2/28      AC:  2    Str:  5    XL:     6   Next: 17%
Magic:  1/13       EV: 21    Int: 17    God:
Gold:   153        SH:  0    Dex: 17    Spells: 6/14 levels left

rFire    . . .     SeeInvis +   a - +5 long sword
rCold    . . .     Gourm    .   (shield restricted)
rNeg     . . .     Faith    .   k - +0 robe
rPois    .         Spirit   .   (helmet restricted)
rElec    .         Reflect  .   (no cloak)
rCorr    .         Harm     .   (gloves unavailable)
MR       +....                  (boots unavailable)
Stlth    ++........             (no amulet)
HPRegen  0.09/turn              (no ring)
MPRegen  0.13/turn              (no ring)

@: very slightly contaminated, very quick
A: very small, unfitting armour, see invisible, herbivore, speed 3, slow
metabolism 2
a: no special abilities


You were on level 3 of the Dungeon.
You were hungry.

You visited 1 branch of the dungeon, and saw 3 of its levels.

You collected 153 gold pieces.

Inventory:

Hand Weapons
 a - a +5 long sword (weapon)
 b - a +0 short sword
Armour
 k - a +0 robe (worn)
Scrolls
 d - a scroll of teleportation {unknown}
 e - a scroll of enchant weapon {unknown}
 f - a scroll of blinking {unknown}
 g - a scroll of random uselessness {unknown}
 h - 2 scrolls of remove curse {unknown}
 m - a scroll of amnesia {unknown}
 n - a scroll of identify {unknown}
 o - 2 scrolls of magic mapping {unknown}
 p - 2 scrolls of noise {unknown}
Potions
 i - a potion of mutation {unknown}
 j - a potion of lignification {unknown}
 l - 2 potions of heal wounds {unknown}
Comestibles
 c - 7 rations


   Skills:
 + Level 5.3 Dodging
 - Level 3.0 Stealth
 + Level 4.5 Spellcasting
 * Level 4.5 Conjurations


You had 6 spell levels left.
You knew the following spells:

 Your Spells              Type           Power        Failure   Level  Hunger
a - Magic Dart            Conj           ###.         2%          1    None
b - Dazzling Spray        Conj/Hex       ##....       19%         3    ###....
c - Iskenderun's Mystic   Conj           ###.....     22%         4    ####...

Your spell library contained the following spells:

 Spells                   Type           Power        Failure   Level  Hunger
 Searing Ray              Conj           ###...       3%          2    ##.....
 Force Lance              Conj/Tloc      ##......     52%         4    ####...
 Fulminant Prism          Conj/Hex       ##........   52%         4    ####...


Dungeon Overview and Level Annotations

Branches:
Dungeon (3/15)

Altars:
Trog


Innate Abilities, Weirdness & Mutations

You are very small and have problems with some larger weapons.
You are too small for most types of armour.
You have supernaturally acute eyesight. (SInv)
You are a herbivore.
You cover ground extremely quickly.
You need to consume almost no food.


Message History

Casting: Iskenderun's Mystic Blast (slightly dangerous; 22% risk of failure)
Confirm with . or Enter, or press ? or * to list all spells.
Aiming: Dazzling Spray (safe; 19% risk of failure)
Press: ? - help, Shift-Dir - straight line, f/p - orc priest
Aim: an orc priest, wielding a +0 short sword and wearing a cursed +0 ring mail You miscast Dazzling Spray.
You are very lightly contaminated with residual magic.
You feel off-balance for a moment.
You hear a shout!
Casting: Dazzling Spray (safe; 19% risk of failure)
Confirm with . or Enter, or press ? or * to list all spells.
Aiming: Dazzling Spray (safe; 19% risk of failure)
Press: ? - help, Shift-Dir - straight line, f/p - orc priest
Aim: an orc priest, wielding a +0 short sword and wearing a cursed +0 ring mail The spray of energy misses the orc priest.
You are feeling hungry.
The orc priest invokes the aid of Beogh against you.
Beogh smites you!
Ouch! That really hurt!
You die...

..†#.### #.#############.....
....## #...................
.#.## ###############.#(..
.#.# #.#... .#.# #.#.## .#.#
######### #..... .#.#
#<..>...# #...## ##.)
....####o####### #..## #.# #
#..@....# #(.# ###..#
#######.# ..#..# #.# #.#..#
#.# #.#.(# #.# # #.#..#
##.#######. #. #.#..#
#.......... #.###.#..#
#..########
#.....)..#########..########.


You could see an orc priest.

Vanquished Creatures
  A scorpion (D:3)
  3 wights (D:2)
  A bullfrog skeleton (D:2)
  3 adders
  3 oozes
  A worm (D:2)
  2 dart slugs
  4 leopard geckos
  4 bats
  5 giant cockroaches
  7 hobgoblins
  3 jackals (D:2)
  6 kobolds
  A quokka (D:2)
  A ball python (D:1)
  2 frilled lizards
  12 goblins
  4 rats
63 creatures vanquished.

Notes
Turn   | Place    | Note
-------+----------+-------------------------------------------
     0 | D:1      | Garbasso the Spriggan Conjurer began the quest for the Orb.
     0 | D:1      | Reached XP level 1. HP: 9/9 MP: 5/5
   223 | D:1      | Reached XP level 2. HP: 13/13 MP: 2/6
   669 | D:1      | Reached XP level 3. HP: 16/16 MP: 8/8
   770 | D:1      | Learned a level 3 spell: Dazzling Spray
  1567 | D:2      | Reached skill level 4 in Dodging
  1567 | D:2      | Reached XP level 4. HP: 11/21 MP: 0/10
  1575 | D:2      | Learned a level 4 spell: Iskenderun's Mystic Blast
  2875 | D:2      | Reached XP level 5. HP: 8/24 MP: 0/11
  3849 | D:2      | Reached skill level 5 in Dodging
  4019 | D:3      | Found a bloodstained altar of Trog.
  4212 | D:3      | Reached XP level 6. HP: 19/28 MP: 2/13
  4600 | D:3      | Killed from afar by an orc priest

Vault maps used:
D:1:      shiori_arrival_oz, minmay_heptomino_l4
D:2:      lemuel_upstairs_altar
D:3:      first_ration, nrook_uturn, minmay_misc_feat_x,
          trog_three_pillars_becter

Skill      XL: |  1  2  3  4  5 |
---------------+----------------+-----
Conjurations   | 3 4 |  4.5
Spellcasting   | 3 4 |  4.5
Dodging        | 4 5 |  5.3
Stealth        | |  3.0

Action                   |  1- 3 |  4- 6 || total
-------------------------+-------+-------++-------
Melee: Short sword       |    30 |    17 ||    47
       Long sword        |       |     3 ||     3
 Cast: Magic Dart        |    47 |   111 ||   158
       Dazzling Spray    |     7 |     7 ||    14
       Iskenderun's Myst |       |    17 ||    17
 Stab: Sleeping          |     9 |       ||     9
       Invisible         |       |     3 ||     3
  Eat: Ration            |       |     3 ||     3
Armor: Robe              |     2 |       ||     2
Dodge: Dodged            |    27 |    16 ||    43

Table legend:
 A = Non-vault XP
 B = Vault XP
 C = Vault XP percentage of total XP
 D = Non-vault monster count
 E = Vault monster count
 F = Vault count percentage of total count
                 A         B        C        D         E       F
            +---------+---------+-------+---------+---------+-------
      Total |     435 |       7 |   1.6 |      58 |       5 |   7.9
            +---------+---------+-------+---------+---------+-------
        D:1 |      38 |       7 |  15.6 |      18 |       5 |  21.7
        D:2 |     295 |       0 |   0.0 |      29 |       0 |   0.0
        D:3 |     102 |       0 |   0.0 |      11 |       0 |   0.0
            +---------+---------+-------+---------+---------+-------
